 Dungeon Sprint DCSS version 0.30.0-5-g1a98f26d00 (webtiles) character file.

Game seed: 11190749623365174995

53169 Groucho the Acrobat (level 14, -21/89 HPs)
             Began as a Spriggan Hunter on May 12, 2023.
             Was the Champion of Qazlal.
             Blown up by a lich (110 damage)
             ... with an orb of destruction
             ... in the Dungeon (Sprint VII: "The Pits").
             The game lasted 00:24:53 (15158 turns).

Groucho the Acrobat (Spriggan Hunter)              Turns: 15158, Time: 00:24:53

Health: -21/89     AC: 14    Str:  7    XL:     14   Next: 29%
Magic:  29/29      EV: 47    Int: 14    God:    Qazlal [******]
Gold:   47         SH:  8    Dex: 23    Spells: 13/13 levels left

rFire   . . .        E - +3 sling "Ereruwor" {speed, Int+3}
rCold   . . .        (no shield)
rNeg    . . .        z - +2 steam dragon scales
rPois   .            (helmet restricted)
rElec   .            J - +2 cloak
rCorr   .            (gloves unavailable)
SInv    +            (boots unavailable)
Will    ++...        (no amulet)
Stlth   +            m - +3 ring of protection
HPRegen 0.34/turn    n - +3 ring of evasion
MPRegen 0.21/turn

%: no teleportation, repel missiles
@: very quick
A: very small, no large weapons, unfitting armour, see invisible, speed 3
a: Renounce Religion, Upheaval, Elemental Force, Disaster Area


You were in the Dungeon.
You worshipped Qazlal.
Qazlal was exalted by your worship.
You visited 1 branch You collected 47 gold pieces.

Inventory:

Hand Weapons
 i - a +7 demon whip of venom
 E - the +3 sling "Ereruwor" (weapon) {speed, Int+3}
   (You found it in the Dungeon)

   Int:       It affects your intelligence (+3).
 H - a +3 arbalest
Armour
 q - +2 swamp dragon scales
 z - +2 steam dragon scales (worn)
 J - a +2 cloak (worn)
Jewellery
 m - a +3 ring of protection (left hand)
 n - a +3 ring of evasion (right hand)
 s - a ring of fire
 x - a ring of positive energy
 y - the ring "Jiomeir" {Str+2 Int+6 Dex+5 Stlth-}
   (You took it off a deep elf blademaster in the Dungeon)

   [ring of intelligence]

   Str:       It affects your strength (+2).
   Int:       It affects your intelligence (+6).
   Dex:       It affects your dexterity (+5).
   Stlth:     It makes you less stealthy.
 A - the amulet of the Morning {Acrobat Will++}
   (You took it off a hell knight in the Dungeon)

   [amulet of the acrobat]

   It increases your evasion while moving and waiting.
   Will:      It greatly increases your willpower.
 B - the ring "Okataos" {rF+ rCorr}
   (You took it off a hell knight in the Dungeon)

   [ring of resist corrosion]

   rF:        It protects you from fire.
   rCorr:     It protects you from acid and corrosion.
Wands
 D - a wand of paralysis (3)
 I - a wand of mindburst (6)
Scrolls
 b - a scroll of immolation
 k - 5 scrolls of amnesia
 l - a scroll of butterflies
 t - a scroll of fear
 v - 8 scrolls of enchant weapon
 w - 2 scrolls of fog
 C - a scroll of identify
Potions
 d - 9 potions of curing
 e - 14 potions of heal wounds
 f - 2 potions of haste
 g - 2 potions of magic
 h - 5 potions of berserk rage
 j - 2 potions of invisibility
 o - 2 potions of might
 p - 2 potions of resistance


   Skills:
 + Level 17.3 Fighting
 + Level 20.5 Ranged Weapons
 * Level 4.8 Armour
 + Level 25.4 Dodging
 - Level 1.5 Stealth
 + Level 20.1 Invocations


You had 13 spell levels left.
You didn't know any spells.
Your spell library contained the following spells:

 Spells                   Type           Power      Damage    Failure   Level
 Blink                    Tloc           0%         N/A       41%         2
 Call Canine Familiar     Summ           0%         N/A       65%         3
 Gell's Gravitas          Tloc           0%         N/A       65%         3
 Ignite Poison            Fire/Tmut/Pois 0%         N/A       65%         3
 Portal Projectile        Hex/Tloc       0%         N/A       65%         3
 Teleport Other           Tloc           0%         N/A       65%         3
 Vhi's Electric Charge    Tloc/Air       0%         N/A       65%         3
 Leda's Liquefaction      Hex/Erth       0%         N/A       96%         4
 Olgreb's Toxic Radiance  Pois           0%         N/A       96%         4
 Passage of Golubria      Tloc           0%         N/A       96%         4
 Summon Forest            Summ/Tloc      0%         N/A       100%        5
 Dispersal                Tloc           0%         N/A       100%        6
 Eringya's Noxious Bog    Tmut/Pois      0%         N/A       100%        6
 Summon Hydra             Summ           0%         N/A       100%        7


Dungeon Overview and Level Annotations

Branches:
Dungeon (1/1)

Altars:
Ashenzari
Cheibriados
Dithmenos
Elyvilon
Fedhas
Gozag
Hepliaklqana
Kikubaaqudgha
Makhleb
Nemelex Xobeh
Okawaru
Qazlal
Ru
Sif Muna
Trog
Uskayaw
Vehumet
Wu Jian
Xom
Yredelemnul
Zin
The Shining One
Jiyva
Lugonu


Innate Abilities, Weirdness & Mutations

You are very small and have problems with some larger weapons.
You are too small for most types of armour.
You have supernaturally acute eyesight. (SInv)
You cover ground extremely quickly. (Speed+++)


Message History

The sling bullet hits the lich but does no damage.
You block the ogre mage's attack.
You shoot a sling bullet.
The sling bullet hits the lich but does no damage.
The naga mage spits poison at you. The splash of poison misses you.
The lich is engulfed in blazing flames.
The lich gestures wildly while chanting.
The lich flickers and vanishes for a moment.
You shoot a sling bullet.
The sling bullet hits the lich but does no damage.
The lich is lightly damaged.
You shoot a sling bullet.
The sling bullet hits the lich but does no damage.
The lich is lightly damaged.
The naga mage casts a spell.
The naga mage seems to speed up.
The lich is engulfed in blazing flames.
The lich closely misses you.
The ogre mage is engulfed in a thunderstorm.
You kill the ogre mage!
Qazlal accepts your kill.
Unknown command.
The lich is engulfed in blazing flames.
You shoot a sling bullet.
The sling bullet closely misses the lich.
The sling bullet barely misses the naga mage.
The naga mage spits poison at you. The splash of poison misses you.
You shoot a sling bullet. The sling bullet hits the lich!
The lich is heavily damaged.
The lich conjures an orb of pure magic.
An orb of destruction comes into view.
You shoot a sling bullet.
The sling bullet closely misses the lich.
The naga mage spits poison at you. The splash of poison misses you.
You shoot a sling bullet. The sling bullet hits the lich!!
The lich is severely damaged.
The orb of destruction hits you!!!!
Ouch! That really hurt!
You die...

################+#
)..).............#
......).(........#
'##############..#
....#.#.#[#.[[#..#
..#.#.#.#[#[#[#..#
......#.#[#[[[#..#
..#.#.#.#[##.##.@#
......#'#'#[[[#§○#
..#.#.#...#[#[#§☼#
........).#[[[#○L#
..#.#.#.#.###'#°○#
..#...#.......#.N#
###############''#
#)'# #)..#


You could see a lich (invisible) and a naga mage (fast).

Vanquished Creatures
  2 deep elf blademasters (D)
  A death cob (D)
  A fire giant (D)
  A draconian scorcher (D)
  A spriggan defender (D)
  A draconian stormcaller (D)
  2 orc warlords (D)
  2 deep elf demonologists (D)
  2 red draconians (D)
  A deep elf annihilator (D)
  A green draconian (D)
  An eidolon (D)
  A merfolk javelineer (D)
  Josephine (D)
  2 deep elf high priests (D)
  A great orb of eyes (D)
  A rakshasa (D)
  3 vault guards (D)
  An ogre mage (D)
  An anaconda (D)
  A merfolk aquamancer (D)
  A two-headed ogre (D)
  3 naga warriors (D)
  A vampire mage (D)
  A spriggan berserker (D)
  5 hell knights (D)
  An orc high priest (D)
  3 deep elf knights (D)
  A spriggan (D)
  A sun demon (D)
  A flayed ghost (D)
  A sea snake (D)
  3 deep trolls (D)
  A wizard (D)
  A phantasmal warrior (D)
  12 orc knights (D)
  2 deep elf pyromancers (D)
  A necromancer (D)
  An orc sorcerer (D)
  A wolf spider (D)
  2 manticores (D)
  A salamander (D)
  A cyclops (D)
  A deep elf zephyrmancer (D)
  2 elephants (D)
  A black mamba (D)
  A molten gargoyle (D)
  A naga mage (D)
  A cane toad (D)
  A rime drake (D)
  An ice devil (D)
  A wandering mushroom (D)
  3 guardian mummies (D)
  4 merfolk (D)
  A wind drake (D)
  A hornet (D)
  A hellwing (D)
  A tarantella (D)
  A snapping turtle (D)
  2 air elementals (D)
  A shadow (D)
  A wyvern (D)
  6 wraiths (D)
  A vampire (D)
  4 yaks (D)
  A fire bat (D)
  3 water elementals (D)
  A steam dragon (D)
  A neqoxec (D)
  A redback (D)
  2 vampire mosquitoes (D)
  A small abomination (D)
  A warg (D)
  2 nagas (D)
  An acid dragon (D)
  2 floating eyes (D)
  A black bear (D)
  Pargi (D)
  3 orc warriors (D)
  3 swamp drakes (D)
  An ogre (D)
  A kobold brigand (D)
  2 earth elementals (D)
  6 killer bees (D)
  A jelly (D)
  2 orc priests (D)
  An iguana (D)
  2 orc wizards (D)
  A gnoll (D)
  An adder (D)
  A river rat (D)
  An ufetubus (D)
  7 orcs (D)
  A ball python (D)
  A bat (D)
  2 endoplasms (D)
  2 goblins (D)
  A hobgoblin (D)
  4 jackals (D)
  2 quokkas (D)
  A ball python skeleton (D)
  2 frilled lizards (D)
  A giant cockroach simulacrum (D)
  A kobold (D)
  A quokka simulacrum (D)
  A quokka skeleton (D)
  A quokka zombie (D)
  A rat (D)
183 creatures vanquished.

Notes
Turn   | Place    | Note
-------+----------+-------------------------------------------
     0 | D        | Groucho the Spriggan Hunter began the quest for the Orb.
     0 | D        | Reached XP level 1. HP: 10/10 MP: 2/2
    19 | D        | Reached skill level 3 in Dodging
    59 | D        | Found a bloodstained altar of Trog.
    59 | D        | Found a shimmering blue altar of Sif Muna.
    59 | D        | Found a viscous altar of Jiyva.
    59 | D        | Found a hazy altar of Hepliaklqana.
    59 | D        | Found an opulent altar of Gozag.
    60 | D        | Found a glowing golden altar of the Shining One.
    60 | D        | Found a glowing silver altar of Zin.
    60 | D        | Found a basalt altar of Yredelemnul.
    60 | D        | Found a shimmering altar of Xom.
    60 | D        | Found an ornate altar of the Wu Jian Council.
    60 | D        | Found a sacrificial altar of Ru.
    60 | D        | Found a stormy altar of Qazlal.
    60 | D        | Found an iron altar of Okawaru.
    60 | D        | Found a sparkling altar of Nemelex Xobeh.
    60 | D        | Found a burning altar of Makhleb.
    60 | D        | Found a blossoming altar of Fedhas.
    60 | D        | Found a white marble altar of Elyvilon.
    60 | D        | Found a shadowy altar of Dithmenos.
    60 | D        | Found a snail-covered altar of Cheibriados.
    62 | D        | Found a radiant altar of Vehumet.
    62 | D        | Found a corrupted altar of Lugonu.
    63 | D        | Found a hide-covered altar of Uskayaw.
    63 | D        | Found an ancient bone altar of Kikubaaqudgha.
    63 | D        | Found a broken altar of Ashenzari.
    67 | D        | Became a worshipper of Qazlal Stormbringer
   119 | D        | Reached * piety under Qazlal
   342 | D        | Noticed a floating eye
   351 | D        | Killed a floating eye
   352 | D        | Reached skill level 6 in Dodging
   352 | D        | Reached XP level 2. HP: 17/17 MP: 3/6
   352 | D        | Reached XP level 3. HP: 21/21 MP: 3/7
   352 | D        | Reached XP level 4. HP: 25/25 MP: 3/8
   354 | D        | Reached ** piety under Qazlal
   612 | D        | Noticed an ogre
   616 | D        | Noticed a kobold brigand
   621 | D        | Reached *** piety under Qazlal
   635 | D        | Killed an ogre
   636 | D        | Reached skill level 5 in Fighting
   636 | D        | Reached skill level 7 in Dodging
   636 | D        | Reached skill level 5 in Invocations
   636 | D        | Reached XP level 5. HP: 30/30 MP: 8/10
   649 | D        | Reached skill level 8 in Dodging
   649 | D        | Reached XP level 6. HP: 18/35 MP: 9/11
   868 | D        | Reached **** piety under Qazlal
   893 | D        | Reached skill level 9 in Dodging
  1114 | D        | Noticed a deep troll
  1168 | D        | Reached ***** piety under Qazlal
  1286 | D        | Killed a deep troll
  1287 | D        | Reached skill level 11 in Dodging
  1287 | D        | Reached XP level 7. HP: 30/42 MP: 8/14
  1644 | D        | Reached skill level 10 in Ranged Weapons
  1644 | D        | Reached XP level 8. HP: 32/47 MP: 6/15
  1816 | D        | Noticed an air elemental
  1817 | D        | Killed an air elemental
  1818 | D        | Reached skill level 12 in Dodging
  2302 | D        | Noticed a black mamba
  2302 | D        | Noticed a two-headed ogre
  2305 | D        | Killed a black mamba
  2306 | D        | Reached skill level 13 in Dodging
  2306 | D        | Killed a two-headed ogre
  2307 | D        | Reached skill level 10 in Invocations
  2307 | D        | Reached XP level 9. HP: 53/53 MP: 10/17
  2565 | D        | Noticed an anaconda
  2565 | D        | Noticed a fire giant
  2571 | D        | Reached skill level 14 in Dodging
  2594 | D        | Killed a fire giant
  2599 | D        | Killed an anaconda
  2600 | D        | Reached skill level 10 in Fighting
  2600 | D        | Reached skill level 15 in Dodging
  3263 | D        | Reached XP level 10. HP: 59/59 MP: 19/19
  3276 | D        | Noticed a deep troll
  3323 | D        | Killed a deep troll
  3378 | D        | Noticed an elephant
  3410 | D        | Killed an elephant
  3411 | D        | Reached skill level 16 in Dodging
  3649 | D        | Noticed a phantasmal warrior
  3707 | D        | Killed a phantasmal warrior
  3904 | D        | Noticed a sea snake
  3965 | D        | Killed a sea snake
  4251 | D        | Noticed Pargi
  4252 | D        | Noticed an orc high priest
  4253 | D        | Reached ****** piety under Qazlal
  4253 | D        | Killed Pargi
  4253 | D        | Killed an orc high priest
  4254 | D        | Reached skill level 17 in Dodging
  4254 | D        | Noticed a deep elf zephyrmancer
  4257 | D        | Noticed a wolf spider
  4258 | D        | Noticed a deep troll
  4259 | D        | Reached XP level 11. HP: 66/66 MP: 4/22
  4259 | D        | Killed a deep troll
  4259 | D        | Killed a wolf spider
  4292 | D        | Killed a deep elf zephyrmancer
  4293 | D        | Reached skill level 18 in Dodging
  5144 | D        | Noticed a flayed ghost
  5147 | D        | Killed a flayed ghost
  5148 | D        | Reached skill level 15 in Ranged Weapons
  6200 | D        | Noticed a merfolk javelineer
  6207 | D        | Killed a merfolk javelineer
  6208 | D        | Reached skill level 19 in Dodging
  6544 | D        | Noticed a vampire mage
  6547 | D        | Killed a vampire mage
  6552 | D        | Reached skill level 15 in Invocations
  7029 | D        | Noticed a hell knight
  7029 | D        | Noticed a deep elf pyromancer
  7030 | D        | Noticed a death cob
  7030 | D        | Killed an orc sorcerer
  7030 | D        | Killed a deep elf pyromancer
  7030 | D        | Noticed a hell knight
  7031 | D        | Reached skill level 20 in Dodging
  7031 | D        | Reached XP level 12. HP: 73/73 MP: 15/24
  7032 | D        | Identified the ring "Jiomeir" {Str+2 Int+6 Dex+5 Stlth-}
  7032 | D        | Noticed a deep elf blademaster
  7035 | D        | Killed a death cob
  7039 | D        | Killed a deep elf blademaster
  7045 | D        | Identified the amulet of the Morning {Acrobat Will++}
  7046 | D        | Identified the ring "Okataos" {rF+ rCorr}
  7053 | D        | Reached skill level 21 in Dodging
  7511 | D        | Got the Compilation of the Distorted Gift
  7531 | D        | Got the +3 sling "Ereruwor" {speed, Int+3}
  7568 | D        | Noticed a great orb of eyes
  7587 | D        | Killed a great orb of eyes
  8036 | D        | Noticed an eidolon
  8036 | D        | Noticed Josephine
  8068 | D        | Killed an eidolon
  8069 | D        | Reached skill level 22 in Dodging
  8078 | D        | Killed Josephine
  8079 | D        | Reached skill level 15 in Fighting
  8079 | D        | Reached XP level 13. HP: 39/80 MP: 22/26
  9609 | D        | Noticed an orc warlord
  9683 | D        | Killed an orc warlord
  9684 | D        | Reached skill level 23 in Dodging
 10334 | D        | Noticed an orc warlord
 10334 | D        | Noticed a spriggan defender
 10419 | D        | Killed an orc warlord
 11287 | D        | Killed a spriggan defender
 11288 | D        | Reached skill level 24 in Dodging
 13048 | D        | Found the +4 consecrated labrys {holy, Valiant Fragile Fly
                  | SInv}
 13608 | D        | Noticed a deep elf blademaster
 13608 | D        | Noticed a green draconian
 13609 | D        | Noticed a white draconian stormcaller
 13715 | D        | Killed a deep elf blademaster
 13716 | D        | Reached XP level 14. HP: 65/88 MP: 18/28
 13996 | D        | Killed a white draconian stormcaller
 13997 | D        | Reached skill level 1 in Armour
 14524 | D        | Reached skill level 25 in Dodging
 14717 | D        | Noticed a red draconian scorcher
 14725 | D        | Killed a red draconian scorcher
 15131 | D        | Noticed a lich
 15158 | D        | Blown up by a lich

Illustrated notes

Levels and vault maps discovered:
D:        pitsprint [storerooms_1, entrance_room_1, metal_vault_1, armoury_3,
          mini_pit_1, grid_room_1, main_hall_1, silver_pit, the_coven_1,
          the_vestibule_1, steel_vault_4, golden_pit, hallway_of_sentries,
          crystal_vault_4, iron_vault_2, final_vault]

Skill      XL: |  1  2  3  4  5  6  7  8  9 10 11 12 13 14 |
---------------+-------------------------------------------+-----
Dodging        | 6 7 8 11 13 15 17 20 22 24 25 | 25.4
Fighting       | 4 5 7 9 10 11 13 15 16 17 | 17.3
Ranged Weapons | 6 7 9 10 11 12 14 16 18 20 | 20.5
Invocations    | 4 5 8 10 11 13 15 17 19 20 | 20.1
Armour         | 4 |  4.8
Stealth        | |  1.5

Action                     |  1- 3 |  4- 6 |  7- 9 | 10-12 | 13-15 || total
---------------------------+-------+-------+-------+-------+-------++-------
   Fire: Shortbow          |    14 |    98 |    58 |   270 |       ||   440
         Sling             |       |       |       |    70 |   685 ||   755
 Invoke: Upheaval          |       |     4 |    18 |    18 |    27 ||    67
         Disaster Area     |       |       |       |     6 |       ||     6
    Use: Potion            |       |       |     3 |     2 |     1 ||     6
         Scroll            |       |       |       |       |     3 ||     3
 Armour: Robe              |       |     1 |     2 |     5 |     1 ||     9
  Dodge: Dodged            |     2 |    25 |    49 |   116 |    76 ||   268
         Repelled          |       |       |       |     1 |     3 ||     4
  Block: Other             |       |     3 |    18 |    29 |    16 ||    66
